 Dungeon Crawl Stone Soup version 0.30.1-9-gdf580d7c3d (webtiles) character file.

Game seed: 10908482337330738807

184 Janerl the Sneak (level 5, 0/46 HPs)
             Began as a Kobold Brigand on Oct 7, 2023.
             Killed by divine providence
             ... invoked by an orc priest
              (13 damage)
             ... on level 5 of the Dungeon.
             The game lasted 00:10:56 (2816 turns).

Janerl the Sneak (Kobold Brigand)                   Turns: 2816, Time: 00:10:57

Health: 0/46       AC:  5    Str: 10    XL:     5   Next: 96%
Magic:  5/5        EV: 19    Int: 13    God:
Gold:   128        SH:  0    Dex: 16    Spells: 4/4 levels left

rFire   . . .        r - +4 dagger (freeze)
rCold   . . .        (no shield)
rNeg    . . .        b - +0 robe
rPois   .            t - +0 helmet
rElec   .            c - +0 cloak
rCorr   .            (no gloves)
SInv    .            k - +0 pair of boots
Will    .....        (no amulet) Stlth
                     w - +5 ring of evasion
HPRegen 0.27/turn    (no ring)
MPRegen 0.09/turn

%: no passive effects
@: berserking, very quick
A: small, no large weapons, nightstalker 3
a: no special abilities


You were on level 5 of the Dungeon.
You visited 1 branch of the dungeon, and saw 5 of its levels.

You collected 128 gold pieces.

Inventory:

Hand Weapons
 a - a +2 dagger
 l - a +3 short sword
 r - a +4 dagger of freezing (weapon)
 u - a +0 dagger of venom
Missiles
 d - 10 poisoned darts (quivered)
 e - 3 curare-tipped darts
Armour
 b - a +0 robe (worn)
 c - a +0 cloak (worn)
 k - a +0 pair of boots (worn)
 t - a +0 helmet (worn)
Jewellery
 w - a +5 ring of evasion (left hand)
Wands
 y - a wand of digging (3)
Scrolls
 g - a scroll of amnesia {unknown}
 h - 3 scrolls of teleportation {unknown}
 j - a scroll of magic mapping {unknown}
 n - a scroll of vulnerability {unknown}
 p - a scroll of immolation {unknown}
 q - 5 scrolls of identify {unknown}
 s - a scroll of noise {unknown}
 v - a scroll of fog {unknown}
Potions
 f - a potion of berserk rage
 i - a potion of curing {unknown}
 m - a potion of haste {unknown}
 o - 3 potions of heal wounds {unknown}
 x - 2 potions of brilliance {unknown}


   Skills:
 + Level 2.5 Fighting
 + Level 3.9 Short Blades
 + Level 2.8 Throwing
 + Level 2.0 Dodging
 + Level 7.9 Stealth


You had 4 spell levels left.
You didn't know any spells.
Your spell library was empty.

Dungeon Overview and Level Annotations

Branches:
Dungeon (5/15)
 Temple: D:4-7

Altars:
Fedhas

Shops:
D:4 =

Annotations:
D:4 Duvessa


Innate Abilities, Weirdness & Mutations

You are small and have problems with some larger weapons.
You are completely attuned to the shadows.


Message History

The jackal closely misses you. The jackal attacks as you move away!
The jackal bites you but does no damage.
The bullfrog hits you! The jackal misses you.
The bullfrog attacks as you move away! The bullfrog closely misses you.
The jackal attacks as you move away! The jackal closely misses you.
The bullfrog hits you. The jackal closely misses you.
The jackal bites you but does no damage.
The bullfrog attacks as you move away! The bullfrog misses you.
The jackal attacks as you move away!
The jackal bites you but does no damage.
The bullfrog hits you.
There is a stone staircase leading down here.
The bullfrog hits you!
You climb downwards.
There is a stone staircase leading up here.
The jackal attacks as you move away! The jackal completely misses you.
The orc shouts!
The orc wizard shouts!
You hear a shout! x2
The bullfrog hits you but does no damage.
The bullfrog closely misses you. The orc attacks as you move away!
The orc hits you with a +0 flail. The bullfrog barely misses you.
The jackal completely misses you.
An orc priest comes into view. It is wielding a +0 flail.
The jackal attacks as you move away! The jackal closely misses you.
The bullfrog misses you. The jackal attacks as you move away!
The jackal misses you. The bullfrog attacks as you move away!
The bullfrog hits you but does no damage.
The bullfrog misses you.
It was a potion of berserk rage.
A red film seems to cover your vision as you go berserk!
You feel yourself moving faster!
You feel mighty! The bullfrog hits you.
* * * LOW HITPOINT WARNING * * *
You barely miss the bullfrog. The bullfrog closely misses you.
You hit the bullfrog.
The bullfrog seems to slow down.
You freeze the bullfrog.
The bullfrog is moderately wounded.
The bullfrog misses you.
The orc priest calls down the wrath of Beogh upon you.
Beogh smites you!
You die...

... #.#
#.# #.#
#@# #F#
####h##
#..ooo####
#.##.o....
.....<.o..
..###.....
. ......
.......


You could see a bullfrog (slow), an orc priest, 2 orc wizards, an orc and a
jackal.

Vanquished Creatures
  2 iguanas (D:4)
  2 orc wizards (D:3)
  2 worms (D:2)
  4 dart slugs
  8 orcs (D:3)
  2 ball pythons
  A bat (D:2)
  6 endoplasms
  2 giant cockroaches (D:3)
  6 hobgoblins
  4 quokkas
  3 frilled lizards
  4 goblins (D:1)
  11 kobolds
  5 rats
62 creatures vanquished.

Notes
Turn   | Place    | Note
-------+----------+-------------------------------------------
     0 | D:1      | Janerl the Kobold Brigand began the quest for the Orb.
     0 | D:1      | Reached XP level 1. HP: 12/12 MP: 1/1
   127 | D:1      | Reached XP level 2. HP: 17/17 MP: 2/2
   279 | D:1      | Reached skill level 6 in Stealth
   607 | D:1      | Reached XP level 3. HP: 19/21 MP: 3/3
   623 | D:1      | Found a faded altar of an unknown god.
  1620 | D:2      | Found a blossoming altar of Fedhas.
  1764 | D:3      | Reached XP level 4. HP: 25/26 MP: 4/4
  1894 | D:3      | Reached skill level 7 in Stealth
  2089 | D:3      | Reached XP level 5. HP: 30/31 MP: 5/5
  2650 | D:4      | Found Gena's Jewellery Boutique.
  2795 | D:4      | Noticed Duvessa
  2798 | D:4      | Noticed a bullfrog
  2808 | D:5      | Entered Level 5 of the Dungeon
  2816 | D:5      | Killed from afar by an orc priest

Illustrated notes

Levels and vault maps discovered:
D:1:      grunt_arrival_lava_bath, layout_loops_cross,
          hellmonk_ecumenical_altar_prayer_group, minmay_ruptured
D:2:      layout_basic, basic_altar, minmay_stone_trees_medium
D:3:      layout_basic
D:4:      layout_cave_pools, serial_shops, shop, nicolae_shop_statue_plus,
          uniq_duvessa
D:5:      layout_loops_ring, nicolae_qazlal_beasts_of_the_sky,
          old_standard_altar, chequers_avenue, hangedman_abyss_or_decor_passed

Skill      XL: |  1  2  3  4  5 |
---------------+----------------+-----
Stealth        | 6 7 |  7.9
Short Blades   | 3 |  3.9
Dodging        | 2 |  2.0
Fighting       | |  2.5
Throwing       | |  2.8

Action                     |  1- 3 |  4- 6 || total
---------------------------+-------+-------++-------
  Melee: Dagger            |    38 |    59 ||    97
         Short sword       |    27 |       ||    27
  Throw: Dart              |    26 |     3 ||    29
    Use: Potion            |       |     1 ||     1
   Stab: Sleeping          |    15 |     8 ||    23
 Armour: Robe              |     3 |    15 ||    18
  Dodge: Dodged            |    24 |    52 ||    76
